 Dungeon Crawl Stone Soup version 0.24-a0-201-gf205589 (console) character file.

Game seed: 10355460520476802035

21109 bli the Carver (level 12, 0/106 HPs)
             Began as a Grey Draconian Fighter on Mar 24, 2019.
             Was the Champion of Okawaru.
             Slain by an orc
             ... wielding a +0 trident
              (6 damage)
             ... on level 12 of the Dungeon.
             The game lasted 01:15:05 (12315 turns).

bli the Carver (Grey Draconian Fighter)            Turns: 12315, Time: 01:15:06

Health: 0/106      AC: 18    Str: 19    XL:     12   Next: 51%
Magic:  14/16      EV: 22    Int:  9    God:    Okawaru [******]
Gold:   802        SH: 13    Dex: 15    Spells: 11/11 levels left

rFire    . . .     SeeInvis .   a - +9 scimitar (flame)
rCold    . . .     Gourm    .   F - +0 shield
rNeg     . . .     Faith    .   (armour unavailable)
rPois    +         Spirit   .   (helmet restricted)
rElec    .         Reflect  .   H - +2 cloak {rPois}
rCorr    .         Harm     .   (no gloves)
MR       .....                  (no boots)
Stlth    ++++......             l - amulet of regeneration
HPRegen  0.67/turn              r - ring of stealth
MPRegen  0.15/turn              P - +2 ring of protection

@: heroism
A: walk through water, unfitting armour, unbreathing, cold-blooded, AC +13
a: Heroism, Finesse, Renounce Religion


You were on level 12 of the Dungeon.
You worshipped Okawaru.
Okawaru was exalted by your worship.
You were hungry.

You visited 2 branches of the dungeon, and saw 14 of its levels.
You also visited: Bailey.

You collected 914 gold pieces.
You spent 112 gold pieces at shops.

Inventory:

Hand Weapons
 a - a +9 scimitar of flaming (weapon)
 b - a +0 hunting sling
 n - a +6 double sword
 G - a +2 quarterstaff of chaos
 U - a +0 antimagic rapier
 V - a +3 dagger of chaos
Missiles
 f - 3 needles of confusion
 i - 306 stones
 t - 4 javelins of returning
 C - 4 tomahawks of returning (quivered)
 E - 125 sling bullets
 J - 9 tomahawks
 S - 4 javelins
Armour
 F - a +0 shield (worn)
 H - a +2 cloak of poison resistance (worn)
 W - the -2 buckler of Hairiness {Str+3 SInv}
   (Okawaru gifted it to you on level 11 of the Dungeon)

   It affects your strength (+3).
   It lets you see invisible.
Jewellery
 l - an amulet of regeneration (around neck)
 r - a ring of stealth (left hand)
 y - an uncursed ring of see invisible
 D - an uncursed ring of magical power
 P - a +2 ring of protection (right hand)
 T - an uncursed ring of stealth
 Y - an uncursed amulet of guardian spirit
Wands
 L - a wand of acid (17)
 M - a wand of flame (23)
 N - a wand of scattershot (7)
Scrolls
 h - 2 scrolls of fog {unknown}
 j - 5 scrolls of remove curse
 k - 5 scrolls of teleportation
 q - 4 scrolls of enchant armour
 x - a scroll of enchant weapon
 B - 2 scrolls of magic mapping
 K - a scroll of fear
 O - 2 scrolls of amnesia {unknown}
 R - a scroll of random uselessness {unknown}
Potions
 c - 3 potions of might
 e - 5 potions of agility {unknown}
 g - 4 potions of lignification {unknown}
 m - 2 potions of brilliance
 o - 2 potions of heal wounds
 p - 2 potions of berserk rage
 s - 5 potions of invisibility {unknown}
 u - 3 potions of haste {unknown}
 w - 4 potions of flight {unknown}
 z - 5 potions of curing {unknown}
 A - 2 potions of ambrosia
 I - a potion of resistance
 Z - a potion of magic {unknown}
Miscellaneous
 Q - a box of beasts
Comestibles
 d - 23 rations
 v - 26 chunks of flesh


   Skills:
 * Level 10.2(15.2) Fighting
 + Level 12.4(17.4) Long Blades
 - Level 3.7(9.2) Slings
 + Level 2.6(8.6) Throwing
 + Level 9.5(14.5) Dodging
 + Level 1.8(6.8) Stealth
 + Level 7.5(12.5) Shields
 + Level 6.0 Invocations
 + Level 2.0 Evocations


You had 11 spell levels left.
You didn't know any spells.
Your spell library contained the following spells:

 Spells                   Type           Power        Failure   Level  Hunger
 Confusing Touch          Hex            #.....       50%         1    ##.....
 Shock                    Conj/Air       #...         50%         1    ##.....
 Swiftness                Chrm/Air       #.......     63%         2    ###....
 Confuse                  Hex            #.......     86%         3    ####...
 Gell's Gravitas          Tloc           #.........   86%         3    ####...
 Static Discharge         Conj/Air       #.......     86%         3    ####...
 Airstrike                Air            #.........   99%         4    #####..
 Petrify                  Tmut/Erth      #.......     99%         4    #####..
 Summon Lightning Spire   Summ/Air       #.......     99%         4    #####..
 Lightning Bolt           Conj/Air       #.........   100%        5    ######.
 Metabolic Englaciation   Hex/Ice        #.........   100%        5    ######.
 Silence                  Hex/Air        #.........   100%        5    ######.
 Yara's Violent Unravell  Hex/Tmut       #.........   100%        5    ######.
 Conjure Ball Lightning   Conj/Air       #.........   100%        6    #######
 Deflect Missiles         Chrm/Air       #.........   100%        6    #######
 Tornado                  Air            #.........   100%        9    #######


Dungeon Overview and Level Annotations

Branches:
Dungeon (12/15)            Temple (0/1) D:7            Lair (0/6) D:11
    Orc (2/2) D:11            Elf (0/3) Orc:2

Altars:
Dithmenos
Elyvilon
Gozag
Nemelex Xobeh
Okawaru
The Shining One

Shops:
D:5 :   D:9 (   D:10 ?   D:11 (   D:12 [


Innate Abilities, Weirdness & Mutations

You can walk through water.
Your dull iron-grey scales are very hard. (AC +13)
You cannot fit into any form of body armour.
You can survive without breathing.
You are cold-blooded and may be slowed by cold attacks.


Message History

The deep elf mage is severely wounded.
You block the sun demon's attack. You block the deep elf mage's attack.
The orc misses you.
You gain the combat prowess of a mighty hero.
The sun demon hits you!
* * * LOW HITPOINT WARNING * * *
You are engulfed in flames!
* * * LOW HITPOINT WARNING * * *
You block the deep elf mage's attack. You block the orc's attack.
Your shield prevents you from hitting the deep elf mage.
The deep elf mage is severely wounded.
You block the sun demon's attack. The orc misses you.
You completely miss the deep elf mage.
The deep elf mage is severely wounded.
The deep elf mage misses you. The sun demon misses you.
You slash the deep elf mage! You burn the deep elf mage.
You kill the deep elf mage!
Okawaru accepts your kill.
The sun demon disappears in a puff of smoke!
The orc hits you from afar with a +0 trident.
You die...

######.####
#.........# #.#
#.........# #.#
#.........# ##.#
#####+##### #..#
######'######
#......(()..# ####+
#......).)..# ......
#......)))..# ......
#..........)##......
#..........@#...)...
#..........ยง#.......
#...........o.......
#.....<..<...#######
#...........##
######+######


You could see an orc.

Vanquished Creatures
  Erolcha (Orc:1)
  A hydra (D:11)
  A two-headed ogre (D:11)
  Urug (Orc:1)
  4 orc knights (Bailey)
  2 manticores
  A deep elf mage (D:12)
  A cyclops (D:12)
  Psyche (D:10)
  2 trolls (D:11)
  4 hippogriffs
  Sigmund (D:5)
  4 hogs (D:9)
  20 yaks
  A human (D:8)
  2 acid dragons
  A warg (Orc:1)
  Duvessa (D:7)
  A water moccasin (D:10)
  17 orc warriors
  4 porcupines (D:11)
  4 ice beasts
  3 black bears
  3 phantoms
  An eye of draining (D:10)
  A necrophage (D:11)
  A sky beast (D:12)
  11 ogres
  14 centaurs
  4 crocodiles
  A big kobold (D:8)
  6 bullfrogs
  Dowan (D:7)
  4 scorpions
  A wyvern skeleton (D:7)
  14 killer bees
  3 wights (D:7)
  5 howler monkeys
  6 crimson imps
  A bullfrog zombie (D:5)
  2 lava snakes (D:9)
  A centaur zombie (D:9)
  3 hounds
  4 jellies
  5 bullfrog skeletons
  A centaur skeleton (D:10)
  10 orc priests
  Crazy Yiuf (D:6)
  Terence (D:3)
  2 iguanas
  11 orc wizards
  15 worker ants
  3 worker ant zombies
  A howler monkey skeleton (D:4)
  16 adders
  4 gnolls
  4 shadow imps
  4 oozes
  An adder skeleton (D:8)
  2 worms
  4 dart slugs
  5 leopard geckos
  90 orcs
  7 bats
  5 giant cockroaches
  16 goblins
  5 hobgoblins
  21 jackals
  9 kobolds
  2 quokkas
  4 frilled lizards
  A leopard gecko zombie (D:5)
  2 quokka skeletons
  A quokka zombie (D:6)
  7 rats
425 creatures vanquished.

Vanquished Creatures (others)
  An unseen horror (D:10)
  47 fungi (D:11)
  34 plants (D:11)
82 creatures vanquished.

Grand Total: 507 creatures vanquished

Notes
Turn   | Place    | Note
-------+----------+-------------------------------------------
     0 | D:1      | bli the Draconian Fighter began the quest for the Orb.
     0 | D:1      | Reached XP level 1. HP: 19/19 MP: 1/1
   151 | D:1      | Reached XP level 2. HP: 23/26 MP: 2/2
   575 | D:1      | Noticed an ogre
   575 | D:1      | Noticed an ogre
   615 | D:1      | Noticed an ogre
   615 | D:1      | Noticed an ogre
   617 | D:1      | Reached XP level 3. HP: 31/31 MP: 3/3
   927 | D:2      | Reached skill level 3 in Long Blades
  1040 | D:2      | Reached XP level 4. HP: 37/40 MP: 4/4
  1071 | D:2      | Found an iron altar of Okawaru.
  1137 | D:2      | Became a worshipper of Warmaster Okawaru
  1766 | D:3      | Reached XP level 5. HP: 46/46 MP: 5/5
  1826 | D:3      | Reached skill level 4 in Long Blades
  2001 | D:3      | Found an opulent altar of Gozag.
  2198 | D:3      | Noticed Terence
  2207 | D:3      | Killed Terence
  2596 | D:4      | Found a sparkling altar of Nemelex Xobeh.
  2637 | D:4      | Noticed a phantom
  2658 | D:4      | Killed a phantom
  2658 | D:4      | Reached XP level 6. HP: 40/52 MP: 6/6
  2770 | D:4      | Got a fine leather armour
  2903 | D:4      | Reached skill level 5 in Long Blades
  3095 | D:4      | Reached * piety under Okawaru
  3353 | D:5      | Entered Level 5 of the Dungeon
  3423 | D:5      | Your scales start taking on a dull iron-grey colour.
  3423 | D:5      | Reached XP level 7. HP: 59/59 MP: 7/7
  3423 | D:5      | Gained mutation: You can survive without breathing. [Grey
                  | Draconian growth]
  3536 | D:5      | Reached skill level 6 in Long Blades
  3602 | D:5      | Noticed Sigmund
  3627 | D:5      | Killed Sigmund
  3627 | D:5      | Reached ** piety under Okawaru
  3702 | D:5      | Found Onotefec's Book Shoppe.
  3857 | D:5      | Reached skill level 7 in Long Blades
  3857 | D:5      | Reached skill level 5 in Dodging
  4050 | D:6      | Reached XP level 8. HP: 67/67 MP: 8/8
  4151 | D:6      | Found a shadowy altar of Dithmenos.
  4155 | D:6      | Found a glowing golden altar of the Shining One.
  4160 | D:6      | Found a white marble altar of Elyvilon.
  4492 | D:6      | Reached skill level 8 in Long Blades
  4571 | D:6      | Reached *** piety under Okawaru
  4924 | D:6      | Found a runed translucent door.
  4927 | D:6      | Noticed Crazy Yiuf
  4935 | D:6      | Killed Crazy Yiuf
  5143 | D:7      | Found a flagged portal.
  5154 | Bailey   | Entered a bailey
  5173 | Bailey   | Reached skill level 9 in Long Blades
  5262 | Bailey   | Reached XP level 9. HP: 18/73 MP: 9/9
  5268 | Bailey   | Reached skill level 1 in Throwing
  5271 | Bailey   | Received a gift from Okawaru
  5379 | Bailey   | Noticed an orc knight
  5392 | Bailey   | Reached skill level 5 in Fighting
  5406 | Bailey   | Killed an orc knight
  5406 | Bailey   | Reached **** piety under Okawaru
  5406 | Bailey   | Reached skill level 1 in Evocations
  5421 | Bailey   | Noticed an orc knight
  5471 | Bailey   | HP: 2/74 [orc/+0 halberd (20)]
  5508 | Bailey   | Killed an orc knight
  5528 | Bailey   | Reached skill level 10 in Long Blades
  5616 | Bailey   | Noticed an orc knight
  5799 | Bailey   | Killed an orc knight
  5799 | Bailey   | Reached ***** piety under Okawaru
  5799 | Bailey   | Reached skill level 1 in Slings
  5799 | Bailey   | Reached skill level 5 in Shields
  5835 | Bailey   | Noticed an orc knight
  5887 | Bailey   | Killed an orc knight
  5887 | Bailey   | Received a gift from Okawaru
  5887 | Bailey   | Reached skill level 1 in Invocations
  5887 | Bailey   | Reached XP level 10. HP: 41/83 MP: 11/11
  6262 | D:7      | Noticed Duvessa
  6268 | D:7      | Noticed Dowan
  6303 | D:7      | Killed Duvessa
  6339 | D:7      | Killed Dowan
  6578 | D:7      | Found a staircase to the Ecumenical Temple.
  8153 | D:9      | Received a gift from Okawaru
  8433 | D:9      | Received a gift from Okawaru
  8503 | D:9      | Reached skill level 5 in Invocations
  8543 | D:8      | Reached XP level 11. HP: 28/92 MP: 14/14
  8767 | D:9      | Reached skill level 11 in Long Blades
  9114 | D:9      | Found Nugy's Weapon Shop.
  9157 | D:10     | Entered Level 10 of the Dungeon
  9393 | D:10     | Found Upoquf's Magic Scroll Shop.
  9403 | D:10     | Bought a scroll of enchant weapon for 112 gold pieces
  9431 | D:10     | Killed an unseen horror
  9744 | D:10     | Received a gift from Okawaru
  9751 | D:10     | Got a bloodstained quarterstaff {god gift}
 10093 | D:10     | Noticed Psyche
 10110 | D:10     | Killed Psyche
 10110 | D:10     | Reached skill level 1 in Stealth
 10273 | D:11     | Noticed a two-headed ogre
 10308 | D:10     | Identified the +1 quarterstaff of Gluttony {elec, Fragile
                  | rF++} (Okawaru gifted it to you on level 10 of the Dungeon)
 10467 | D:11     | Killed a two-headed ogre
 10604 | D:11     | HP: 3/95 [centaur (3)]
 10851 | D:11     | Noticed a four-headed hydra
 10952 | D:11     | Killed a one-headed hydra
 10952 | D:11     | Received a gift from Okawaru
 10952 | D:11     | Reached XP level 12. HP: 83/104 MP: 16/16
 10957 | D:11     | Got a shimmering buckler {god gift}
 10963 | D:11     | Identified the -2 buckler of Hairiness {Str+3 SInv}
                  | (Okawaru gifted it to you on level 11 of the Dungeon)
 11136 | D:11     | Found Inidoi's Weapon Boutique.
 11204 | D:11     | Found a staircase to the Orcish Mines.
 11209 | Orc:1    | Entered Level 1 of the Orcish Mines
 11211 | Orc:1    | Noticed Erolcha
 11215 | Orc:1    | Killed Erolcha
 11287 | Orc:1    | Noticed Urug
 11294 | Orc:1    | Killed Urug
 11294 | Orc:1    | Reached skill level 12 in Long Blades
 11659 | Orc:2    | Entered Level 2 of the Orcish Mines
 11659 | Orc:2    | Found a staircase to the Elven Halls.
 11659 | Orc:2    | Noticed an orc high priest
 11696 | D:11     | Found a staircase to the Lair.
 12197 | D:12     | Found Xeuxtade's Antique Armour Boutique.
 12272 | D:12     | Reached skill level 10 in Fighting
 12276 | D:12     | Reached ****** piety under Okawaru
 12312 | D:12     | HP: 4/106 [sun demon[a deep elf mage] (11)]
 12315 | D:12     | Slain by an orc

Levels and vault maps discovered:
D:1:      erik_arrival_cave_to_civilisation [erik_arrival_cave_to_temple],
          layout_basic, chequers_serial_rivers_micro_b, serial_bayou_pond_d,
          chequers_hall_statues_corner_a, chequers_serial_rivers_micro_b
D:2:      layout_loops_ring, okawaru_altar_gauntlet_db, first_ration
D:3:      layout_loops_corners, nicolae_overflow_crystal_walls, minmay_unequal,
          uniq_terence
D:4:      layout_loops_corners, nemelex_xobeh_ov_fountains_minmay
D:5:      layout_cave_pools, serial_shops, shop, uniq_sigmund
D:6:      layout_gridville, minmay_overflow_temple_star_quad,
          minmay_ogre_servants, uniq_crazy_yiuf_cottage
D:7:      layout_basic, minmay_temple_entry_offerings, enter_bailey_3,
          kennysheep_generic_room_12, uniq_duvessa
D:8:      layout_cave_pools
D:9:      layout_cave_pools, serial_shops, kennysheep_little_box,
          grunt_livestock, kennysheep_small_spiral
D:10:     layout_long_grid, serial_shops, shop, uniq_psyche
D:11:     layout_cross, due_lair_maze_entry_diamond, orc_0_dummy, serial_shops,
          shop
D:12:     layout_roguey, serial_shops, shop
Orc:1:    layout_diamond_mine, uniq_urug, uniq_erolcha
Orc:2:    grunt_orc_community_town_hall, layout_caves,
          grunt_orc_community_big_house_2, grunt_orc_community_big_house_2,
          grunt_orc_community_house_3, grunt_orc_community_house_3,
          grunt_orc_community_house_1, grunt_orc_community_house_2, basic_altar,
          mines2_david
Bailey:   bailey_polearm_5, bailey

Skill      XL: |  1  2  3  4  5  6  7  8  9 10 11 12 |
---------------+-------------------------------------+-----
Dodging        | 3 4 5 6 7 8 9 |  9.5
Long Blades    | 3 4 5 7 9 10 11 12 | 12.4
Fighting       | 4 6 7 9 10 | 10.2
Shields        | 4 5 7 |  7.5
Throwing       | 2 |  2.6
Evocations     | 1 2 |  2.0
Slings         | 1 2 3 |  3.7
Invocations    | 1 5 6 |  6.0
Stealth        | 1 |  1.8

Action                   |  1- 3 |  4- 6 |  7- 9 | 10-12 || total
-------------------------+-------+-------+-------+-------++-------
Melee: Long sword        |    76 |   174 |   442 |   370 ||  1062
       Tailslap          |     9 |    22 |    86 |   152 ||   269
       Scimitar          |       |       |       |   628 ||   628
 Fire: Hunting sling     |       |       |    10 |   143 ||   153
Throw: Stone             |       |       |    33 |    37 ||    70
       Tomahawk          |       |       |       |    13 ||    13
Invok: Heroism           |       |       |     6 |     3 ||     9
Evoke: Wand              |       |       |    12 |    19 ||    31
  Use: Potion            |       |       |     7 |     1 ||     8
       Scroll            |       |       |     1 |    20 ||    21
 Stab: Sleeping          |       |     6 |     2 |     7 ||    15
       Distracted        |       |       |       |     1 ||     1
  Eat: Chunk             |     1 |     7 |     9 |    22 ||    39
Armor: Skin              |    31 |    48 |   102 |   304 ||   485
Dodge: Dodged            |    41 |   127 |   299 |   572 ||  1039
Block: Shield            |    18 |       |     5 |   427 ||   450
       Buckler           |     7 |    46 |   110 |       ||   163
       Rpst.: Long sword |    10 |    38 |    82 |    47 ||   177
       Scimitar          |       |       |       |   103 ||   103

Table legend:
 A = Non-vault XP
 B = Vault XP
 C = Vault XP percentage of total XP
 D = Non-vault monster count
 E = Vault monster count
 F = Vault count percentage of total count
                 A         B        C        D         E       F
            +---------+---------+-------+---------+---------+-------
      Total |   21630 |    8527 |  28.3 |     340 |      86 |  20.2
            +---------+---------+-------+---------+---------+-------
        D:1 |      39 |       3 |   7.1 |      18 |       2 |  10.0
        D:2 |      79 |      22 |  21.8 |      18 |       6 |  25.0
        D:3 |      87 |      37 |  29.8 |      21 |       2 |   8.7
        D:4 |     318 |       0 |   0.0 |      17 |       0 |   0.0
        D:5 |     609 |     338 |  35.7 |      21 |       2 |   8.7
        D:6 |     854 |      55 |   6.1 |      20 |       9 |  31.0
        D:7 |    1593 |     256 |  13.8 |      36 |       7 |  16.3
        D:8 |     953 |     189 |  16.5 |      29 |       1 |   3.3
        D:9 |    2349 |     811 |  25.7 |      25 |       4 |  13.8
       D:10 |    5411 |     488 |   8.3 |      48 |       2 |   4.0
       D:11 |    4719 |    1000 |  17.5 |      41 |       9 |  18.0
       D:12 |    3789 |       0 |   0.0 |      31 |       0 |   0.0
      Orc:1 |     830 |    1804 |  68.5 |      15 |       2 |  11.8
     Bailey |       0 |    3524 | 100.0 |       0 |      40 | 100.0
            +---------+---------+-------+---------+---------+-------
